 Dungeon Crawl Stone Soup version 0.23.2-1-ga50397a6bc (webtiles) character file.

Game seed: 17089532140085623609

15998 FluffierThanThou the Protected (level 12, -4/108 HPs)
             Began as a Minotaur Fighter on May 16, 2019.
             Was the Champion of Okawaru.
             Slain by a white ugly thing (18 damage)
             ... in an ice cave.
             The game lasted 00:43:36 (11081 turns).

FluffierThanThou the Protected (Minotaur Fighter)  Turns: 11081, Time: 00:43:36

Health: -4/108     AC: 14    Str: 29    XL:     12   Next: 6%
Magic:  0/14       EV:  9    Int: 11    God:    Okawaru [******]
Gold:   443        SH: 12    Dex:  7    Spells: 11/11 levels left

rFire    + + .     SeeInvis .   K - +8 flail of the End {crush, +Blink Int+2}
rCold    . . .     Gourm    .   c - +0 shield
rNeg     . . .     Faith    .   L - +3 scale mail {rF+}
rPois    .         Spirit   +   (helmet restricted)
rElec    .         Reflect  .   k - scarf {Spirit}
rCorr    .         Harm     .   (no gloves)
MR       .....                  (no boots)
Stlth    ..........             m - amulet of the acrobat
HPRegen  0.28/turn              u - ring of protection from fire
MPRegen  0.14/turn              J - +4 ring of intelligence

@: no status effects
A: retaliatory headbutt, horns 2, yellow scales 1, clumsy 1, strong 1
a: Heroism, Finesse, Renounce Religion, Evoke Blink


You were in an ice cave.
You worshipped Okawaru.
Okawaru was exalted by your worship.
You were not hungry.

You visited 2 branches of the dungeon, and saw 12 of its levels.
You also visited: Ice Cave.

You collected 443 gold pieces.

Inventory:

Hand Weapons
 a - a +3 hand axe
 b - a +0 shortbow
 i - a +0 war axe
 K - the +8 flail of the End (weapon) {crush, +Blink Int+2}
   (You found it on level 10 of the Dungeon)

   It inflicts extra damage upon your enemies.
   It affects your intelligence (+2).
   It lets you blink.
Missiles
 D - 327 arrows
Armour
 c - a +0 shield (worn)
 k - a scarf of spirit shield (worn)
 v - a +0 chain mail
 C - a +0 scale mail
 F - a +0 cloak
 L - a +3 scale mail of fire resistance (worn)
Jewellery
 e - an uncursed amulet of rage
 m - an amulet of the acrobat (around neck)
 u - a ring of protection from fire (left hand)
 J - a +4 ring of intelligence (right hand)
Wands
 x - a wand of paralysis (10)
 E - a wand of acid (9)
 H - a wand of flame (46)
Scrolls
 d - a scroll of identify
 g - 3 scrolls of fog
 j - 2 scrolls of fear {unknown}
 l - 5 scrolls of magic mapping
 p - 9 scrolls of teleportation
 s - 2 scrolls of silence {unknown}
 t - 3 scrolls of immolation
 y - a scroll of noise {unknown}
 z - a scroll of amnesia {unknown}
 B - 6 scrolls of remove curse
 G - a scroll of enchant weapon {unknown}
 I - 3 scrolls of vulnerability {unknown}
Potions
 h - 3 potions of flight
 n - 3 potions of lignification
 q - 4 potions of curing
 r - a potion of mutation
 w - 3 potions of brilliance
 A - a potion of agility {unknown}
Comestibles
 f - 11 rations


   Skills:
 + Level 10.6 Fighting
 - Level 10.4(11.2) Axes
 * Level 6.5(9.4) Maces & Flails
 - Level 7.1 Bows
 + Level 11.8 Armour
 - Level 10.0 Shields
 * Level 1.0 Invocations
 + Level 4.3 Evocations


You had 11 spell levels left.
You didn't know any spells.
Your spell library contained the following spells:

 Spells                   Type           Power        Failure   Level  Hunger
 Confusing Touch          Hex            #.....       77%         1    ##.....
 Flame Tongue             Conj/Fire      #....        77%         1    ##.....
 Throw Flame              Conj/Fire      #.....       88%         2    ###....
 Confuse                  Hex            #.......     98%         3    ####...
 Conjure Flame            Conj/Fire      #.......     98%         3    ####...
 Gell's Gravitas          Tloc           #.........   98%         3    ####...
 Inner Flame              Hex/Fire       #.......     98%         3    ####...
 Cause Fear               Hex            #.........   100%        4    #####..
 Petrify                  Tmut/Erth      #.......     100%        4    #####..
 Sticky Flame             Conj/Fire      #.......     100%        4    #####..
 Fireball                 Conj/Fire      #.........   100%        5    ######.
 Metabolic Englaciation   Hex/Ice        #.........   100%        5    ######.
 Silence                  Hex/Air        #.........   100%        5    ######.
 Yara's Violent Unravell  Hex/Tmut       #.........   100%        5    ######.
 Deflect Missiles         Chrm/Air       #.........   100%        6    #######
 Discord                  Hex            #.........   100%        8    #######


Dungeon Overview and Level Annotations

Branches:
Dungeon (11/15)            Temple (1/1) D:6            Lair (0/6) D:8
    Orc (0/2) D:11

Altars:
Ashenzari
Cheibriados
Dithmenos
Elyvilon
Fedhas
Gozag
Hepliaklqana
Kikubaaqudgha
Makhleb
Nemelex Xobeh
Okawaru
Qazlal
Ru
Sif Muna
Trog
Uskayaw
Vehumet
Wu Jian
Xom
Yredelemnul
Zin
The Shining One

Shops:
D:11 }


Innate Abilities, Weirdness & Mutations

You reflexively headbutt those who attack you in melee.
You have a pair of horns on your head.
You are partially covered in yellow scales. (AC +2)
You are clumsy. (Dex -2)
Your muscles are strong. (Str +2)


Message History

You bludgeon the ice statue!!
You destroy the ice statue!
Okawaru accepts your kill.
The ice beast disappears in a puff of smoke! x2
Your Invocations skill increases to level 1!
You sock the white ugly thing!
The white ugly thing is moderately wounded.
You feel like a meek peon again.
You hit the white ugly thing.
The white ugly thing is moderately wounded.
The white ugly thing gores you. The white ugly thing freezes you!!
* * * LOW HITPOINT WARNING * * *
You feel better.
You block the white ugly thing's attack.
You sock the white ugly thing!
The white ugly thing is heavily wounded.
The white ugly thing gores you.
* * * LOW HITPOINT WARNING * * *
The white ugly thing freezes you!!
You die...

#### ############# [(..#
##.....#[....## # .....
##......#......###
......#.......#.......#.
......#.......#.......#.
......u.................
......#@......#.......#.
..... #.......#.......#.
.... ##......#[.....###
$=. ##.....#(([..## # ##
#############


You could see a white ugly thing.

Vanquished Creatures
  Snorg (D:10)
  A two-headed ogre (D:11)
  An unseen horror (D:9)
  A cyclops (D:8)
  An ugly thing (IceCv)
  A gargoyle (D:11)
  3 ice statues (IceCv)
  A troll (D:11)
  Grinder (D:6)
  A hippogriff (D:10)
  3 hogs (D:7)
  15 yaks
  A wraith (D:10)
  A human (D:7)
  2 wyverns
  4 hungry ghosts
  2 wargs (D:8)
  A water moccasin (D:9)
  4 orc warriors
  3 sky beasts
  10 ice beasts
  A necrophage (D:7)
  2 phantoms
  8 centaurs
  10 ogres
  5 big kobolds
  Blork the orc (D:6)
  9 bullfrogs
  5 gnoll sergeants
  A wyvern zombie (D:10)
  A wyvern skeleton (D:9)
  5 scorpions
  9 howler monkeys
  9 wights
  A lava snake (D:10)
  A crimson imp (D:8)
  A quasit (D:10)
  3 centaur skeletons
  8 hounds
  9 orc priests
  8 orc wizards
  5 bullfrog skeletons
  8 iguanas
  6 worker ants
  A killer bee zombie (D:5)
  2 hound zombies
  2 hound skeletons
  A mummy (D:6)
  9 gnolls
  8 adders
  3 shadow imps
  12 white imps (D:11)
  5 oozes
  An adder zombie (D:5)
  2 worms (D:3)
  A dart slug (D:2)
  5 leopard geckos
  40 orcs
  5 giant cockroaches
  7 goblins
  6 hobgoblins
  10 jackals
  4 quokkas
  A ball python (D:2)
  A ball python zombie (D:5)
  5 bats
  4 frilled lizards
  18 kobolds
  3 kobold zombies (D:6)
  2 leopard gecko zombies (D:5)
  An orc zombie (D:6)
  A rat (D:1)
334 creatures vanquished.

Vanquished Creatures (others)
  A jelly (D:8)
1 creature vanquished.

Grand Total: 335 creatures vanquished

Notes
Turn   | Place    | Note
-------+----------+-------------------------------------------
     0 | D:1      | FluffierThanThou the Minotaur Fighter began the quest for
                  | the Orb.
     0 | D:1      | Reached XP level 1. HP: 19/19 MP: 0/0
   339 | D:1      | Reached XP level 2. HP: 27/27 MP: 1/1
   456 | D:1      | Reached skill level 4 in Armour
   644 | D:2      | Noticed an ogre
   656 | D:2      | Killed an ogre
   656 | D:2      | Reached XP level 3. HP: 33/33 MP: 2/2
   656 | D:2      | Reached XP level 4. HP: 40/40 MP: 3/3
   664 | D:2      | Found an iron altar of Okawaru.
   673 | D:2      | Became a worshipper of Warmaster Okawaru
   777 | D:2      | Found a snail-covered altar of Cheibriados.
  1176 | D:3      | Found an opulent altar of Gozag.
  1228 | D:3      | Reached XP level 5. HP: 47/47 MP: 4/4
  1254 | D:3      | Reached skill level 5 in Armour
  1676 | D:3      | Found a burning altar of Makhleb.
  1984 | D:3      | Found a stormy altar of Qazlal.
  2222 | D:4      | Reached skill level 5 in Axes
  2222 | D:4      | Reached XP level 6. HP: 47/55 MP: 5/5
  2397 | D:4      | Reached skill level 5 in Fighting
  2641 | D:4      | Reached * piety under Okawaru
  2641 | D:4      | Reached skill level 6 in Armour
  2641 | D:4      | Reached skill level 5 in Shields
  2674 | D:5      | Entered Level 5 of the Dungeon
  2726 | D:5      | Reached XP level 7. HP: 61/61 MP: 6/6
  2760 | D:5      | Found a shattered altar of Ashenzari.
  3100 | D:5      | Reached skill level 7 in Armour
  3168 | D:5      | Reached ** piety under Okawaru
  3294 | D:5      | Reached XP level 8. HP: 67/70 MP: 7/7
  3729 | D:6      | Found a sacrificial altar of Ru.
  3753 | D:6      | Noticed Grinder
  3782 | D:6      | Noticed Blork the orc
  3800 | D:6      | Killed Blork the orc
  3911 | D:6      | Killed Grinder
  3911 | D:6      | Reached *** piety under Okawaru
  3911 | D:6      | Reached skill level 8 in Armour
  3937 | D:6      | Found a staircase to the Ecumenical Temple.
  4250 | Temple   | Entered the Ecumenical Temple
  4440 | D:7      | Found a sparkling altar of Nemelex Xobeh.
  4523 | D:7      | Reached XP level 9. HP: 76/78 MP: 8/8
  4563 | D:7      | Reached skill level 9 in Armour
  4607 | D:7      | Reached skill level 1 in Bows
  4641 | D:7      | Reached **** piety under Okawaru
  4657 | D:7      | Received a gift from Okawaru
  4958 | D:7      | Found a blossoming altar of Fedhas.
  5495 | D:7      | Found a glowing silver altar of Zin.
  5556 | D:7      | Noticed a two-headed ogre
  5652 | D:7      | Found a burning altar of Makhleb.
  5829 | D:8      | Received a gift from Okawaru
  5857 | D:8      | Noticed a cyclops
  5871 | D:8      | Reached skill level 5 in Bows
  5882 | D:8      | Killed a cyclops
  5882 | D:8      | Reached XP level 10. HP: 24/88 MP: 1/9
  5887 | D:8      | Gained mutation: You are partially covered in yellow
                  | scales. (AC +2) [potion of mutation]
  5887 | D:8      | Gained mutation: You are clumsy. (Dex -2) [potion of
                  | mutation]
  5887 | D:8      | Gained mutation: Your muscles are strong. (Str +2) [potion
                  | of mutation]
  6290 | D:8      | Found a staircase to the Lair.
  6306 | D:8      | Reached skill level 10 in Armour
  6317 | D:8      | Reached ***** piety under Okawaru
  6871 | D:8      | Found a basalt altar of Yredelemnul.
  6874 | D:8      | Found a glowing golden altar of the Shining One.
  6877 | D:8      | Noticed an angel
  6986 | D:8      | Noticed a profane servitor
  7102 | D:9      | Reached skill level 10 in Axes
  7204 | D:9      | HP: 3/90 [something (7)]
  7890 | D:9      | Found a radiant altar of Vehumet.
  7930 | D:9      | Killed an unseen horror
  7930 | D:9      | Received a gift from Okawaru
  8154 | D:10     | Entered Level 10 of the Dungeon
  8323 | D:10     | Reached skill level 1 in Evocations
  8453 | D:10     | Received a gift from Okawaru
  8460 | D:10     | Reached XP level 11. HP: 49/97 MP: 7/11
  8675 | D:10     | Noticed Snorg
  8690 | D:10     | Killed Snorg
  9161 | D:10     | Got a faintly glowing flail
  9169 | D:10     | Identified the +8 flail of the End {crush, +Blink Int+2}
                  | (You found it on level 10 of the Dungeon)
  9337 | D:10     | Reached skill level 11 in Armour
  9430 | D:10     | Reached skill level 1 in Maces & Flails
  9435 | D:10     | Received a gift from Okawaru
  9701 | D:11     | Found Qocrazu's Gadget Shop.
  9709 | D:11     | Received a gift from Okawaru
  9737 | D:11     | Found a staircase to the Orcish Mines.
  9799 | D:11     | Reached skill level 10 in Fighting
  9867 | D:11     | Noticed a two-headed ogre
  9882 | D:11     | Killed a two-headed ogre
  9882 | D:11     | Reached ****** piety under Okawaru
  9966 | D:11     | Reached skill level 5 in Maces & Flails
 10002 | D:11     | Found a frozen archway.
 10206 | IceCv    | Entered an ice cave
 10224 | IceCv    | Reached skill level 10 in Shields
 10372 | IceCv    | Noticed a white ugly thing
 10381 | IceCv    | Killed a white ugly thing
 10427 | IceCv    | Noticed a white ugly thing
 10436 | IceCv    | Reached XP level 12. HP: 51/107 MP: 8/14
 11077 | IceCv    | Reached skill level 1 in Invocations
 11081 | IceCv    | Slain by a white ugly thing

Skill      XL: |  1  2  3  4  5  6  7  8  9 10 11 12 |
---------------+-------------------------------------+-----
Armour         | 4 5 6 7 8 9 10 11 | 11.8
Axes           | 3 4 5 6 8 9 10 | 10.4
Fighting       | 4 5 6 8 9 10 | 10.6
Shields        | 4 5 6 7 8 10 | 10.0
Bows           | 5 7 |  7.1
Evocations     | 1 4 |  4.3
Maces & Flails | 6 |  6.5
Invocations    | 1 |  1.0

Action                   |  1- 3 |  4- 6 |  7- 9 | 10-12 || total
-------------------------+-------+-------+-------+-------++-------
Melee: War axe           |    42 |    52 |       |       ||    94
       Headbutt          |     5 |    26 |    77 |   133 ||   241
       Hand axe          |       |    89 |   362 |   298 ||   749
       Flail             |       |       |       |   288 ||   288
Invok: Heroism           |       |       |       |     2 ||     2
Evoke: Wand              |       |       |     1 |       ||     1
  Use: Scroll            |       |     3 |       |     9 ||    12
       Potion            |       |       |     2 |    11 ||    13
  Eat: Chunk             |       |     5 |     9 |     7 ||    21
       Ration            |       |       |     1 |     6 ||     7
Armor: Scale mail        |    17 |    32 |       |    47 ||    96
       Chain mail        |       |    10 |   132 |   197 ||   339
Dodge: Dodged            |    13 |    40 |    84 |   218 ||   355
Block: Shield            |    21 |    59 |   170 |   338 ||   588
